 Dungeon Crawl Stone Soup version 0.31-a0-150-g89dc3ad700 (webtiles) character file.

Game seed: 1071071812508584849

31 iguanaiguana the Sneak (level 3, -2/22 HPs)
             Began as a Deep Elf Delver on June 9, 2023.
             Slain by a phantom (5 damage)
             ... on level 4 of the Dungeon.
             The game lasted 00:01:46 (132 turns).

iguanaiguana the Sneak (Deep Elf Delver)             Turns: 132, Time: 00:01:46

Health: -2/22      AC:  4    Str:  8 (9)  XL:     3   Next: 7%
Magic:  5/5        EV: 12    Int: 13 (14) God:
Gold:   0          SH:  0    Dex: 18      Spells: 2/2 levels left

rFire   . . .        a - +0 falchion
rCold   . . .        (no shield)
rNeg    . . .        b - +1 leather armour
rPois   .            (no helmet)
rElec   .            (no cloak)
rCorr   .            (no gloves)
SInv    .            (no boots)
Will    .....        (no amulet)
Stlth   +++          (no ring)
HPRegen 0.23/turn    (no ring)
MPRegen 0.09/turn

%: no passive effects
@: no status effects
A: no striking features
a: no special abilities


You were on level 4 of the Dungeon.
You visited 1 branch of the dungeon, and saw 3 of its levels.

Inventory:

Hand Weapons
 a - a +0 falchion (weapon)
Armour
 b - a +1 leather armour (worn)
Wands
 g - a wand of digging (3) {@v3}
Scrolls
 c - a scroll of fog
 e - a scroll of fear


   Skills:
 - Level 2.4 Fighting
 + Level 3.2 Long Blades
 - Level 2.4 Dodging
 - Level 6.0 Stealth


You had 2 spell levels left.
You didn't know any spells.
Your spell library contained the following spells:

 Spells                   Type           Power      Damage    Failure   Level
 Freeze                   Ice            0%         1d3       41%         1
 Frozen Ramparts          Ice            0%         1d1       80%         3
 Hailstorm                Conj/Ice       0%         3d3       80%         3


Dungeon Overview and Level Annotations

Branches:
Dungeon (6/15) Zot: 17878  Temple (0/1) D:4

Altars:


Message History

The orc hits you with a +0 club.
Okay, then.
You aren't carrying any potions.
As you read the scroll labelled JIHEEWK NONTUU, it crumbles to dust.
It is a scroll of enchant armour.
Your +0 leather armour glows green for a moment.
The orc hits you with a +0 club. The orc attacks as you move away!
Okay, then.
You aren't carrying any potions.
Okay, then.
You aren't carrying any potions.
Unknown command.
Okay, then.
Okay, then.
You hit the orc.
You kill the orc!
You slash the phantom!
The phantom is moderately damaged.
The phantom hits you.
* * * LOW HITPOINT WARNING * * *
You hit the phantom.
The phantom is heavily damaged.
The phantom hits you.
* * * LOW HITPOINT WARNING * * *
You closely miss the phantom.
The phantom is heavily damaged.
The phantom hits you.
* * * LOW HITPOINT WARNING * * *
The phantom blinks!
You blink.
An orc wizard comes into view. It is wielding a +0 dagger.
Found a staircase to the Ecumenical Temple.
You closely miss the phantom.
The phantom is heavily damaged.
The orc shouts!
The orc shouts!
You hit the phantom.
The phantom is heavily damaged.
The phantom hits you.
You die...

***,,,,,,,,,,,*
*******,#.,,*
****,,,,..,* **
*,,,,,#,*.###*##**** ,*
*,**,,..,,......,,,*
,***,,,,*..o#,....#**,*
,**,,,*,,.....#...# *,*
,**,*,,,,.>.....#.# *,*
### ,**,,,*,,.,,,,#.@W#
*,* ###..
,***,,,,*...#...#.# *,*
#....
,,,,,,,,,.....###.###.#
#.#.#
,***,,,,,#.#..........#
#.#.#
********,.....###.#####
#.#.. ,,* **.#.***
#.###### #>### *,*
*,,,* #.ยง....# #.#*#
*,* **+*** ######.#
#..,. *,* **,,,** #.#
#####


You could see a phantom and an orc wizard.

Vanquished Creatures
  A sleepcap (D:5)
  An orc (D:4)
  A quokka (D:4)
3 creatures vanquished.

Notes
Turn   | Place    | Note
-------+----------+-------------------------------------------
     0 | D:5      | iguanaiguana the Deep Elf Delver began the quest for the
                  | Orb.
     0 | D:5      | Reached XP level 1. HP: 13/13 MP: 3/3
    14 | D:5      | Noticed a sleepcap
    30 | D:5      | Killed a sleepcap
    31 | D:5      | Reached XP level 2. HP: 18/18 MP: 4/4
    98 | D:4      | Reached XP level 3. HP: 22/22 MP: 5/5
   116 | D:4      | Noticed a phantom
   130 | D:4      | Found a staircase to the Ecumenical Temple.
   132 | D:4      | Slain by a phantom

Illustrated notes

Levels and vault maps discovered:
D:4:      layout_loops_corners, minmay_temple_entry_sparse_star,
          dreamdust_princess_corridor
D:5:      layout_loops_ring, gammafunk_ghost_gnarly_gnolls
D:6:      layout_basic, nicolae_overflow_crystal_walls

Skill      XL: |  1 |
---------------+----+-----
Long Blades    | 3 |  3.2
Fighting       | |  2.4
Dodging        | |  2.4
Stealth        | |  6.0

Action                     || total
---------------------------++-------
  Melee: Falchion          ||    18
    Use: Potion            ||     3
         Scroll            ||     2
   Stab: Sleeping          ||     1
 Armour: Leather armour    ||     1
  Dodge: Dodged            ||     9

Table legend: (Time is in decaauts)
 A = Elapsed time spent in this place.
 B = Non-inter-level travel time spent in this place.
 C = Inter-level travel time spent in this place.
 D = Time resting spent in this place.
 E = Time spent auto-exploring this place.
 F = Levels seen in this place.
 G = Mean time per level.
                   A        B        C        D        E       F      G
               +--------+--------+--------+--------+--------+-----+--------+
         Total |    120 |    120 |      0 |      0 |      9 |   3 |   40.0 |
       Dungeon |    120 |    120 |      0 |      0 |      9 |   3 |   40.0 |
               +--------+--------+--------+--------+--------+-----+--------+

Top non-repeatable levels by time:
     D:4: 85 daAuts
     D:5: 32 daAuts
     D:6: 1 daAuts
